 Dungeon Crawl Stone Soup version 0.25.0-3-gd7cc568 (webtiles) character file.

Game seed: 17749201115531818708

88 Cheivey the Skirmisher (level 4, -2/41 HPs)
             Began as a Hill Orc Fighter on June 14, 2020.
             Slain by Crazy Yiuf
             ... wielding a +3 quarterstaff of chaos
              (14 damage)
             ... on level 2 of the Dungeon.
             The game lasted 00:02:33 (1972 turns).

Cheivey the Skirmisher (Hill Orc Fighter)           Turns: 1972, Time: 00:02:36

Health: -2/41      AC:  8    Str: 19    XL:     4   Next: 53%
Magic:  4/4        EV:  7    Int:  8    God:
Gold:   100        SH:  9    Dex: 10    Spells: 3/3 levels left

rFire    . . .     SeeInvis .   a - +0 war axe
rCold    . . .     Gourm    .   c - +0 kite shield
rNeg     + . .     Faith    .   b - +0 scale mail
rPois    .         Spirit   .   (no helmet)
rElec    .         Reflect  .   (no cloak)
rCorr    .         Harm     .   g - +0 pair of gloves
MR       .....     Rnd*Tele +   (no boots)
Stlth    ..........             (no amulet)
HPRegen  0.13/turn              k - ring of positive energy
MPRegen  0.09/turn              l - ring of teleportation (curse)

@: no status effects
A: no striking features
a: no special abilities


You were on level 2 of the Dungeon.
You were not hungry.

You visited 1 branch of the dungeon, and saw 2 of its levels.

You collected 100 gold pieces.

Inventory:

Hand Weapons
 a - a +0 war axe (weapon)
Armour
 b - a +0 scale mail (worn)
 c - a +0 kite shield (worn)
 g - a +0 pair of gloves (worn)
Jewellery
 k - a ring of positive energy (left hand)
 l - a cursed ring of teleportation (right hand)
 o - a +6 ring of strength
Scrolls
 j - 4 scrolls of identify
 m - a scroll of enchant weapon {unknown}
 p - a scroll of teleportation
Potions
 d - a potion of might
 e - 2 potions of heal wounds
 i - a potion of resistance {unknown}
 n - a potion of cancellation {unknown}
Comestibles
 f - 4 rations


   Skills:
 + Level 4.3 Fighting
 + Level 4.2 Axes
 + Level 3.8 Armour
 + Level 0.3 Dodging
 + Level 3.8 Shields


You had 3 spell levels left.
You didn't know any spells.
Your spell library was empty.

Dungeon Overview and Level Annotations

Branches:
Dungeon (2/15)

Altars:

Annotations:
D:2 Crazy Yiuf


Message History

You block Crazy Yiuf's attack.
You closely miss Crazy Yiuf. Crazy Yiuf barely misses you.
You slash Crazy Yiuf!
Crazy Yiuf is moderately wounded.
You block Crazy Yiuf's attack. x2
You closely miss Crazy Yiuf.
Crazy Yiuf is moderately wounded.
Crazy Yiuf says, "Tosser King meccalolo!"
You block Crazy Yiuf's attack.
You closely miss Crazy Yiuf.
Crazy Yiuf is moderately wounded.
You block Crazy Yiuf's attack.
You hit Crazy Yiuf but do no damage.
Crazy Yiuf is moderately wounded.
Crazy Yiuf hits you with a +3 quarterstaff of chaos!
Crazy Yiuf freezes you.
Crazy Yiuf hits you with a +3 quarterstaff of chaos!
* * * LOW HITPOINT WARNING * * *
You are electrocuted!
You die...

#....#
#.#########.####.....
####.# ### #.# ######
#.# ##.#######
#.###### #####
#........### #......#
#)..# ##.#........
######## #...#
##.#..##.### ...
#.....>....# #g#
#..#..##.#.# #@##
#.....##.#.# ##.#
#........#.# #.##
#.#####.<... ##.#
#.### #..... ##.##
#...# #..... ##...#
###.# #..... #....#
###.# #..... #....#
#...# #.....
##..######.# #.....


You could see Crazy Yiuf.

Vanquished Creatures
  A hound (D:2)
  A worm (D:2)
  3 dart slugs (D:1)
  2 leopard geckos
  2 giant cockroaches
  8 goblins
  8 hobgoblins
  A quokka (D:2)
  4 bats
  4 frilled lizards
  4 kobolds
  9 rats
47 creatures vanquished.

Notes
Turn   | Place    | Note
-------+----------+-------------------------------------------
     0 | D:1      | Cheivey the Hill Orc Fighter began the quest for the Orb.
     0 | D:1      | Reached XP level 1. HP: 19/19 MP: 1/1
   190 | D:1      | Reached XP level 2. HP: 27/27 MP: 2/2
   455 | D:1      | Reached XP level 3. HP: 33/33 MP: 3/3
  1666 | D:2      | Reached XP level 4. HP: 38/41 MP: 4/4
  1771 | D:2      | Found a runed translucent door.
  1772 | D:2      | Noticed Crazy Yiuf
  1972 | D:2      | Slain by Crazy Yiuf

Illustrated notes

Levels and vault maps discovered:
D:1:      minmay_arrival_up_and_down, layout_loops_ring, minivault_5
D:2:      layout_loops_cross, first_ration, uniq_crazy_yiuf_cottage

Skill      XL: |  1  2  3 |
---------------+----------+-----
Axes           | 3 4 |  4.2
Fighting       | 4 |  4.3
Armour         | |  3.8
Dodging        | |  0.3
Shields        | |  3.8

Action                   |  1- 3 |  4- 6 || total
-------------------------+-------+-------++-------
Melee: War axe           |   150 |    17 ||   167
  Use: Scroll            |     3 |       ||     3
  Eat: Chunk             |     3 |     1 ||     4
Armor: Scale mail        |    71 |     5 ||    76
Dodge: Dodged            |    47 |     7 ||    54
Block: Kite shield       |    91 |    10 ||   101
